 Dungeon Crawl Stone Soup version 0.31-a0-177-g4aa6249778 (webtiles) character file.

Game seed: 10250316647522330201

13568 qw the Skirmisher (level 12, -16/114 HPs)
             Began as a Naga Hunter on June 17, 2023.
             Was an Elder of Okawaru.
             Demolished by a death yak (18 damage)
             ... on level 1 of the Lair of Beasts.
             The game lasted 00:04:08 (9270 turns).

qw the Skirmisher (Naga Hunter)                     Turns: 9270, Time: 00:04:08

Health: -16/114    AC: 18    Str: 26    XL:     12   Next: 7%
Magic:  16/16      EV: 15    Int: 10    God:    Okawaru [****..]
Gold:   620        SH:  5    Dex: 22    Spells: 11/11 levels left

rFire   . . .        Y - +0 arbalest (freeze)
rCold   . . .        (shield currently unavailable)
rNeg    + . .        c - +0 troll leather armour
rPois   +            b - +0 helmet
rElec   .            m - +0 cloak
rCorr   .            a - +0 pair of gloves
SInv    +            e - +1 barding of the Trout {rN+ Str+5}
Will    +....        n - amulet "Zonouh" {Reflect Rampage Dex+4 SH+5}
Stlth   ++++         j - +6 ring of strength
HPRegen 1.19/turn    (no ring)
MPRegen 0.15/turn

%: reflection, rampage
@: about to teleport, heroic, very slow
A: AC +4, large, see invisible, deformed body, poison resistance, slowness 2,
spit poison 1, naga tail 1
a: Spit Poison, Renounce Religion, Heroism, Finesse


You were on level 1 of the Lair of Beasts.
You worshipped Okawaru.
Okawaru was greatly pleased with you.
You visited 3 branches of the dungeon, and saw 12 of its levels.

You collected 789 gold pieces.
You spent 169 gold pieces at shops.


Innate Abilities, Weirdness & Mutations

Your serpentine skin is tough. (AC +4)
You have supernaturally acute eyesight. (SInv)
Armour fits poorly on your strangely shaped body.
Your system is resistant to poisons. (rPois)
You cover ground very slowly.
You can spit poison.
You have a snake-like lower body.


   Skills:
 - Level 9.1(14.1) Fighting
 + Level 13.3(18.3) Ranged Weapons
 - Level 4.3(9.3) Armour
 - Level 5.2(10.2) Dodging
 - Level 1.5(6.5) Stealth
 + Level 5.6 Invocations


You had 11 spell levels left.
You didn't know any spells.
Your spell library was empty.

Inventory:

Hand Weapons
 Y - a +0 arbalest of freezing (weapon)
Armour
 a - a +0 pair of gloves (worn)
 b - a +0 helmet (worn)
 c - a +0 troll leather armour (worn)
 e - the +1 barding of the Trout (worn) {rN+ Str+5}
   (You acquired it on level 2 of the Dungeon)

   Str:       It affects your strength (+5).
   rN:        It protects you from negative energy.
 m - a +0 cloak (worn)
Jewellery
 j - a +6 ring of strength (left hand)
 n - the amulet "Zonouh" (around neck) {Reflect Rampage Dex+4 SH+5}
   (You found it on level 3 of the Dungeon)

   [amulet of reflection]

   It reflects blocked missile attacks.
   Dex:       It affects your dexterity (+4).
   SH:        It affects your SH (+5).
   Rampage:   It bestows one free step when moving towards enemies.
Scrolls
 i - a scroll of fog {unknown}
 o - 5 scrolls of identify
Potions
 d - a potion of mutation {unknown}
 f - 2 potions of curing
 g - a potion of haste
 h - 2 potions of cancellation
 q - a potion of enlightenment
 r - a potion of resistance

Dungeon Overview and Level Annotations

Branches:
Dungeon (10/15)            Temple (1/1) D:5            Lair (1/5) D:10
    Orc (0/2) D:9

Altars:
Ashenzari
Cheibriados
Dithmenos
Elyvilon
Fedhas
Gozag
Hepliaklqana
Kikubaaqudgha
Makhleb
Nemelex Xobeh
Okawaru
Qazlal
Ru
Sif Muna
Trog
Uskayaw
Vehumet
Wu Jian
Xom
Yredelemnul
Zin
The Shining One

Shops:
D:4 !   D:10 (

Portals:
Volcano: Lair:1

Annotations:
D:5 2 runed translucent doors, qw's ghost, amateur MiHu


Message History

You block the death yak's attack.
You shoot a bolt.
The bolt hits the death yak but does no damage.
The death yak is severely wounded.
The death yak gores you but does no damage. x2
You shoot a bolt. The bolt hits the death yak!
The bolt freezes the death yak.
The death yak is almost dead.
The death yak gores you but does no damage.
The death yak gores you!!
You shoot a bolt. The bolt hits the death yak!!
The bolt freezes the death yak.
You kill the death yak!
Okawaru is honoured by your kill.
You can now speed up your combat.
The death yak gores you! The death yak closely misses you.
You shoot a bolt. The bolt hits the death yak!!
The bolt freezes the death yak.
The death yak is moderately wounded.
The death yak gores you but does no damage.
The death yak gores you! The death yak closely misses you.
You shoot a bolt. The bolt hits the death yak.
The bolt freezes the death yak.
The death yak is heavily wounded.
The death yak gores you!
The death yak gores you but does no damage.
The death yak completely misses you.
You shoot a bolt. The bolt hits the death yak!
The bolt freezes the death yak.
The death yak is severely wounded.
The death yak barely misses you. The death yak gores you!
The death yak completely misses you.
You shoot a bolt. The bolt barely misses the death yak.
The death yak closely misses you. The death yak gores you.
The death yak gores you!
You shoot a bolt. The bolt barely misses the death yak.
You hear the rapid rumble of a very distant avalanche of rocks.
The death yak closely misses you. The death yak gores you!!
The death yak gores you but does no damage.
9270 ||| READING scroll of teleportation.
As you read the scroll of teleportation, it crumbles to dust.
You feel strangely unstable. The death yak gores you!
The death yak gores you but does no damage.
The death yak gores you!!
You die...

##...#
#....#..P#
##...
8....##....#
......
#...##
.8..## #...#
#.## #...#
.. ##...#
#....#
##...# #@..#
#YYY.#
.....##
......##
(......##
.......
...#.##
)...#


You could see 3 death yaks.

Vanquished Creatures
  2 death yaks (Lair:1)
  2 two-headed ogres (D:10)
  A cyclops (D:8)
  A black mamba (Lair:1)
  5 komodo dragons (Lair:1)
  A cane toad (Lair:1)
  A gargoyle (D:8)
  A hornet (D:8)
  A troll (D:10)
  A wyvern (D:7)
  10 yaks
  2 wraiths
  4 steam dragons
  4 vampire mosquitoes (D:10)
  8 water moccasins
  4 black bears
  2 orc warriors
  An ice beast (D:7)
  3 sky beasts
  3 ogres
  6 wolves (Lair:1)
  2 centaurs
  2 kobold brigands
  2 phantoms
  10 bullfrogs
  3 gnoll sergeants
  A scorpion (D:5)
  8 wights
  An electric eel (D:7)
  A howler monkey (D:9)
  4 gnoll boudas
  3 hounds
  5 orc priests
  2 jellies (D:5)
  3 iguanas
  2 sleepcaps
  9 orc wizards
  26 gnolls
  7 adders
  A white imp (D:8)
  4 worms
  4 dart slugs
  35 orcs
  3 ball pythons
  7 endoplasms
  3 giant cockroaches
  A hobgoblin (D:2)
  2 jackals (D:2)
  4 bats
  12 frilled lizards
  8 goblins
  13 kobolds
  5 rats
256 creatures vanquished.

Notes
Turn   | Place    | Note
-------+----------+-------------------------------------------
     0 | D:1      | qw the Naga Hunter began the quest for the Orb.
     0 | D:1      | Reached XP level 1. HP: 19/19 MP: 1/1
     0 | D:1      | 0 ||| qw: Version: 0.3-a-5-g6f28e65
     0 | D:1      | 0 ||| qw: Game counter: 508
     0 | D:1      | 0 ||| qw: Always use a shield: true
     0 | D:1      | 0 ||| qw: God list: Okawaru
     0 | D:1      | 0 ||| qw: Allow faded altars: false
     0 | D:1      | 0 ||| qw: Do Orc after D:15 true
     0 | D:1      | 0 ||| qw: Do second Lair branch before Depths: true
     0 | D:1      | 0 ||| qw: Lair rune preference: random
     0 | D:1      | 0 ||| qw: Plans: Normal
     0 | D:1      | 0 ||| PLANNING D:1-11
    54 | D:1      | 54 ||| INVOKING Spit Poison.
    77 | D:1      | 77 ||| INVOKING Spit Poison.
    80 | D:1      | Reached skill level 4 in Ranged Weapons
    80 | D:1      | Reached XP level 2. HP: 26/26 MP: 2/2
    98 | D:1      | 98 ||| INVOKING Spit Poison.
   101 | D:1      | 101 ||| INVOKING Spit Poison.
   119 | D:1      | 119 ||| INVOKING Spit Poison.
   180 | D:1      | 180 ||| INVOKING Spit Poison.
   197 | D:1      | 197 ||| INVOKING Spit Poison.
   241 | D:1      | 241 ||| INVOKING Spit Poison.
   274 | D:1      | 274 ||| INVOKING Spit Poison.
   288 | D:1      | 288 ||| INVOKING Spit Poison.
   293 | D:1      | 293 ||| INVOKING Spit Poison.
   294 | D:1      | 294 ||| INVOKING Spit Poison.
   295 | D:1      | Reached XP level 3. HP: 25/32 MP: 3/3
   299 | D:1      | 299 ||| INVOKING Spit Poison.
   357 | D:1      | 357 ||| INVOKING Spit Poison.
   365 | D:1      | 365 ||| INVOKING Spit Poison.
   371 | D:1      | 371 ||| INVOKING Spit Poison.
   555 | D:1      | 555 ||| READING scroll labelled KAIHARH PUADGHU.
   556 | D:1      | 556 ||| READING scroll labelled POASUJ WIBA.
   557 | D:1      | 557 ||| READING scroll labelled QUAXODDAADA.
   558 | D:1      | 558 ||| DROPPING scroll of butterflies.
   594 | D:2      | 594 ||| INVOKING Spit Poison.
   603 | D:2      | 603 ||| INVOKING Spit Poison.
   604 | D:2      | 604 ||| INVOKING Spit Poison.
   612 | D:2      | 612 ||| INVOKING Spit Poison.
   641 | D:2      | 641 ||| INVOKING Spit Poison.
   647 | D:2      | 647 ||| INVOKING Spit Poison.
   675 | D:2      | 675 ||| INVOKING Spit Poison.
   678 | D:2      | 678 ||| INVOKING Spit Poison.
   719 | D:2      | 719 ||| INVOKING Spit Poison.
   759 | D:2      | 759 ||| INVOKING Spit Poison.
   825 | D:2      | 825 ||| INVOKING Spit Poison.
   831 | D:2      | 831 ||| INVOKING Spit Poison.
   832 | D:2      | Reached skill level 5 in Ranged Weapons
   832 | D:2      | Reached XP level 4. HP: 35/39 MP: 4/4
   954 | D:2      | 954 ||| INVOKING Spit Poison.
   960 | D:2      | 960 ||| INVOKING Spit Poison.
   961 | D:2      | 961 ||| INVOKING Spit Poison.
  1071 | D:2      | 1071 ||| INVOKING Spit Poison.
  1075 | D:2      | 1075 ||| INVOKING Spit Poison.
  1078 | D:2      | 1078 ||| INVOKING Spit Poison.
  1143 | D:2      | 1143 ||| UPGRADING to +0 helmet.
  1148 | D:2      | 1148 ||| UPGRADING to +0 ring mail of willpower.
  1158 | D:2      | 1158 ||| READING scroll labelled DELATZYINY.
  1158 | D:2      | Identified a scroll of acquirement
  1158 | D:2      | 1158 ||| ACQUIRING +1 barding of the Trout {rN+ Str+5}
  1158 | D:2      | Acquired the +1 barding of the Trout {rN+ Str+5}
  1160 | D:2      | 1160 ||| UPGRADING to +1 barding of the Trout {rN+ Str+5}.
  1165 | D:2      | 1165 ||| READING scroll labelled DOGIANN LOKIRA.
  1226 | D:2      | 1226 ||| DRINKING 2 purple potions.
  1278 | D:3      | Found a broken altar of Ashenzari.
  1330 | D:3      | 1330 ||| SWAPPING to +0 arbalest.
  1332 | D:3      | 1332 ||| INVOKING Spit Poison.
  1335 | D:3      | Reached skill level 1 in Armour
  1337 | D:3      | 1337 ||| INVOKING Spit Poison.
  1339 | D:3      | Reached XP level 5. HP: 46/48 MP: 5/5
  1340 | D:3      | Reached skill level 3 in Fighting
  1341 | D:3      | 1341 ||| INVOKING Spit Poison.
  1346 | D:3      | 1346 ||| DROPPING +0 shortbow.
  1356 | D:3      | 1356 ||| INVOKING Spit Poison.
  1363 | D:3      | Found a faded altar of an unknown god.
  1384 | D:3      | Found a shadowy altar of Dithmenos.
  1426 | D:3      | 1426 ||| INVOKING Spit Poison.
  1429 | D:3      | 1429 ||| Stepping ~*~*~tactically~*~*~ (outnumbered).
  1430 | D:3      | 1430 ||| Stepping ~*~*~tactically~*~*~ (outnumbered).
  1431 | D:3      | 1431 ||| INVOKING Spit Poison.
  1434 | D:3      | 1434 ||| Stepping ~*~*~tactically~*~*~ (outnumbered).
  1436 | D:3      | 1436 ||| INVOKING Spit Poison.
  1441 | D:3      | 1441 ||| INVOKING Spit Poison.
  1445 | D:3      | 1445 ||| INVOKING Spit Poison.
  1446 | D:3      | 1446 ||| INVOKING Spit Poison.
  1449 | D:3      | 1449 ||| INVOKING Spit Poison.
  1565 | D:3      | Found a bloodstained altar of Trog.
  1587 | D:3      | 1587 ||| INVOKING Spit Poison.
  1590 | D:3      | 1590 ||| INVOKING Spit Poison.
  1636 | D:3      | Found a white marble altar of Elyvilon.
  1676 | D:3      | 1676 ||| INVOKING Spit Poison.
  1679 | D:3      | 1679 ||| INVOKING Spit Poison.
  1822 | D:3      | Identified the amulet "Zonouh" {Reflect Rampage Dex+4 SH+5}
  2174 | D:3      | 2174 ||| UPGRADING to amulet "Zonouh" {Reflect Rampage
                  | Dex+4 SH+5}.
  2179 | D:3      | 2179 ||| UPGRADING to +6 ring of strength.
  2180 | D:3      | 2180 ||| DROPPING ring of flight.
  2181 | D:3      | 2181 ||| DRINKING 2 fuming dark potions.
  2224 | D:3      | 2224 ||| DROPPING potion of lignification.
  2275 | D:4      | 2275 ||| PLANNING SEWER
  2316 | D:4      | 2316 ||| INVOKING Spit Poison.
  2333 | D:4      | Reached XP level 6. HP: 56/56 MP: 6/6
  2352 | D:4      | 2352 ||| INVOKING Spit Poison.
  2356 | D:4      | Identified the +1 hand axe of Ignis, Blushing {drain, rElec
                  | rC++ Str-3 Int+4}
  2371 | D:4      | 2371 ||| INVOKING Spit Poison.
  2415 | D:4      | Reached skill level 6 in Ranged Weapons
  2429 | D:4      | 2429 ||| INVOKING Spit Poison.
  2432 | D:4      | 2432 ||| INVOKING Spit Poison.
  2453 | D:4      | 2453 ||| INVOKING Spit Poison.
  2454 | D:4      | 2454 ||| INVOKING Spit Poison.
  2475 | D:4      | 2475 ||| INVOKING Spit Poison.
  2517 | D:4      | Noticed a black bear
  2518 | D:4      | 2518 ||| INVOKING Spit Poison.
  2519 | D:4      | Killed a black bear
  2520 | D:4      | Reached XP level 7. HP: 64/64 MP: 7/7
  2646 | D:4      | Found a sand-covered staircase.
  2702 | D:4      | Found Lil Dush's Distillery.
  2711 | D:4      | 2711 ||| BUYING potion of cancellation (104 gold).
  2711 | D:4      | Bought a potion of cancellation for 104 gold pieces
  2711 | D:4      | 2711 ||| SHOPLISTING potion of cancellation (104 gold, have
                  | 83).
  2711 | D:4      | 2711 ||| BUYING potion of enlightenment (65 gold).
  2711 | D:4      | Bought a potion of enlightenment for 65 gold pieces
  2711 | D:4      | 2711 ||| SHOPLISTING potion of haste (130 gold, have 18).
  2711 | D:4      | 2711 ||| SHOPLISTING potion of resistance (130 gold, have
                  | 18).
  2808 | D:4      | 2808 ||| INVOKING Spit Poison.
  2812 | D:4      | 2812 ||| INVOKING Spit Poison.
  2815 | D:4      | 2815 ||| INVOKING Spit Poison.
  2818 | D:4      | 2818 ||| INVOKING Spit Poison.
  2939 | D:4      | 2939 ||| INVOKING Spit Poison.
  2942 | D:4      | 2942 ||| INVOKING Spit Poison.
  2946 | D:4      | 2946 ||| INVOKING Spit Poison.
  3019 | D:4      | 3019 ||| INVOKING Spit Poison.
  3022 | D:4      | 3022 ||| INVOKING Spit Poison.
  3114 | D:4      | 3114 ||| INVOKING Spit Poison.
  3116 | D:4      | 3116 ||| READING scroll labelled RIHUTU PUATOUM.
  3117 | D:4      | 3117 ||| RIP SEWER
  3117 | D:4      | 3117 ||| RIP OSSUARY
  3117 | D:4      | 3117 ||| PLANNING D:1-11
  3117 | D:4      | 3117 ||| DRINKING 2 brown potions.
  3118 | D:4      | 3118 ||| READING 2 scrolls of identify.
  3118 | D:4      | 3118 ||| IDENTIFYING fuming silvery potion
  3119 | D:4      | 3119 ||| DROPPING potion of degeneration.
  3150 | D:5      | Entered Level 5 of the Dungeon
  3151 | D:5      | 3151 ||| INVOKING Spit Poison.
  3155 | D:5      | 3155 ||| INVOKING Spit Poison.
  3156 | D:5      | 3156 ||| STAIRDANCE
  3180 | D:5      | 3180 ||| INVOKING Spit Poison.
  3183 | D:5      | 3183 ||| STAIRDANCE
  3185 | D:4      | 3185 ||| INVOKING Spit Poison.
  3187 | D:4      | HP: 15/64 [orc warrior/+0 trident (9)]
  3188 | D:4      | 3188 ||| DRINKING potion of heal wounds.
  3189 | D:4      | 3189 ||| INVOKING Spit Poison.
  3191 | D:4      | Reached skill level 7 in Ranged Weapons
  3194 | D:4      | 3194 ||| INVOKING Spit Poison.
  3199 | D:4      | 3199 ||| INVOKING Spit Poison.
  3359 | D:5      | Found a staircase to the Ecumenical Temple.
  3360 | D:5      | 3360 ||| PLANNING TEMPLE
  3360 | D:5      | 3360 ||| READING scroll labelled MAXULEI FEUWOQ.
  3363 | D:5      | 3363 ||| Stepping randomly (stuck).
  3364 | D:5      | 3364 ||| Stepping randomly (stuck).
  3365 | D:5      | 3365 ||| Stepping randomly (stuck).
  3366 | D:5      | 3366 ||| INVOKING Spit Poison.
  3370 | D:5      | 3370 ||| Stepping randomly (stuck).
  3371 | D:5      | 3371 ||| Stepping randomly (stuck).
  3372 | D:5      | 3372 ||| Stepping randomly (stuck).
  3384 | D:5      | 3384 ||| INVOKING Spit Poison.
  3387 | D:5      | 3387 ||| INVOKING Spit Poison.
  3390 | D:5      | 3390 ||| INVOKING Spit Poison.
  3432 | D:5      | 3432 ||| INVOKING Spit Poison.
  3448 | D:5      | 3448 ||| INVOKING Spit Poison.
  3460 | D:5      | 3460 ||| INVOKING Spit Poison.
  3461 | D:5      | Reached XP level 8. HP: 72/72 MP: 8/8
  3465 | D:5      | 3465 ||| INVOKING Spit Poison.
  3544 | D:5      | Found a large runed translucent door.
  3549 | D:5      | Found a large runed translucent door.
  3565 | D:5      | 3565 ||| INVOKING Spit Poison.
  3570 | D:5      | 3570 ||| INVOKING Spit Poison.
  3571 | D:5      | Reached skill level 8 in Ranged Weapons
  3574 | D:5      | 3574 ||| INVOKING Spit Poison.
  3577 | D:5      | 3577 ||| INVOKING Spit Poison.
  3582 | D:5      | 3582 ||| INVOKING Spit Poison.
  3702 | D:5      | 3702 ||| DROPPING amulet of magic regeneration.
  3703 | D:5      | 3703 ||| READING scroll labelled AMUKLOUFRU.
  3727 | Temple   | Entered the Ecumenical Temple
  3734 | Temple   | 3734 ||| PLANNING OKAWARU WORSHIP
  3922 | Temple   | Became a worshipper of Warmaster Okawaru
  3923 | Temple   | 3923 ||| PLANNING D:1-11
  4076 | D:5      | Noticed qw's ghost (amateur MiHu)
  4080 | D:5      | 4080 ||| READING scroll labelled UGASINN DEDO.
  4091 | D:6      | 4091 ||| INVOKING Spit Poison.
  4094 | D:6      | 4094 ||| STAIRDANCE
  4096 | D:5      | 4096 ||| INVOKING Spit Poison.
  4252 | D:6      | 4252 ||| INVOKING Spit Poison.
  4256 | D:6      | 4256 ||| INVOKING Spit Poison.
  4289 | D:6      | 4289 ||| INVOKING Spit Poison.
  4345 | D:6      | 4345 ||| INVOKING Spit Poison.
  4350 | D:6      | 4350 ||| INVOKING Spit Poison.
  4422 | D:6      | 4422 ||| INVOKING Spit Poison.
  4425 | D:6      | 4425 ||| INVOKING Spit Poison.
  4476 | D:6      | 4476 ||| INVOKING Spit Poison.
  4615 | D:6      | Found a glowing silver altar of Zin.
  4648 | D:6      | 4648 ||| UPGRADING to +0 pair of gloves.
  4653 | D:6      | 4653 ||| READING scroll labelled GUTRAT XETUPN.
  4754 | D:6      | 4754 ||| READING 2 scrolls of identify.
  4754 | D:6      | 4754 ||| IDENTIFYING fizzy red potion
  4809 | D:7      | 4809 ||| INVOKING Spit Poison.
  4810 | D:7      | 4810 ||| Stepping ~*~*~tactically~*~*~ (outnumbered).
  4819 | D:7      | 4819 ||| INVOKING Spit Poison.
  4823 | D:7      | Reached skill level 9 in Ranged Weapons
  4825 | D:7      | Reached skill level 3 in Dodging
  4825 | D:7      | Reached XP level 9. HP: 51/81 MP: 9/9
  4926 | D:7      | Reached * piety under Okawaru
  5017 | D:7      | 5017 ||| INVOKING Spit Poison.
  5020 | D:7      | Reached skill level 6 in Fighting
  5020 | D:7      | Reached skill level 1 in Invocations
  5023 | D:7      | 5023 ||| INVOKING Spit Poison.
  5092 | D:7      | 5092 ||| INVOKING Spit Poison.
  5130 | D:7      | 5130 ||| INVOKING Spit Poison.
  5135 | D:7      | 5135 ||| INVOKING Spit Poison.
  5138 | D:7      | Reached skill level 3 in Armour
  5138 | D:7      | 5138 ||| Stepping ~*~*~tactically~*~*~ (outnumbered).
  5140 | D:7      | 5140 ||| INVOKING Spit Poison.
  5145 | D:7      | 5145 ||| INVOKING Spit Poison.
  5155 | D:7      | 5155 ||| INVOKING Spit Poison.
  5159 | D:7      | 5159 ||| INVOKING Spit Poison.
  5212 | D:7      | Reached skill level 3 in Invocations
  5361 | D:7      | 5361 ||| INVOKING Heroism.
  5381 | D:7      | Found an ornate altar of the Wu Jian Council.
  5382 | D:7      | Found a snail-covered altar of Cheibriados.
  5484 | D:7      | 5484 ||| UPGRADING to +0 cloak.
  5489 | D:7      | 5489 ||| READING scroll labelled SUHIZA CINEXT.
  5490 | D:7      | 5490 ||| READING 2 scrolls of identify.
  5490 | D:7      | 5490 ||| IDENTIFYING yellow potion
  5491 | D:7      | 5491 ||| DROPPING potion of invisibility.
  5524 | D:8      | 5524 ||| INVOKING Spit Poison.
  5528 | D:8      | 5528 ||| STAIRDANCE
  5530 | D:7      | 5530 ||| INVOKING Spit Poison.
  5535 | D:7      | 5535 ||| INVOKING Spit Poison.
  5576 | D:8      | 5576 ||| INVOKING Spit Poison.
  5579 | D:8      | 5579 ||| INVOKING Spit Poison.
  5580 | D:8      | 5580 ||| STAIRDANCE
  5582 | D:7      | 5582 ||| INVOKING Spit Poison.
  5586 | D:7      | 5586 ||| INVOKING Spit Poison.
  5655 | D:8      | 5655 ||| INVOKING Spit Poison.
  5658 | D:8      | 5658 ||| INVOKING Spit Poison.
  5726 | D:8      | Reached ** piety under Okawaru
  5732 | D:8      | 5732 ||| INVOKING Heroism.
  5733 | D:8      | 5733 ||| Stepping ~*~*~tactically~*~*~ (outnumbered).
  5736 | D:8      | 5736 ||| INVOKING Spit Poison.
  5740 | D:8      | 5740 ||| INVOKING Spit Poison.
  5741 | D:8      | Reached skill level 10 in Ranged Weapons
  5749 | D:8      | 5749 ||| INVOKING Spit Poison.
  5805 | D:8      | 5805 ||| INVOKING Spit Poison.
  5810 | D:8      | Reached XP level 10. HP: 94/94 MP: 13/13
  5864 | D:8      | 5864 ||| INVOKING Spit Poison.
  5867 | D:8      | 5867 ||| INVOKING Spit Poison.
  5871 | D:8      | 5871 ||| INVOKING Spit Poison.
  5874 | D:8      | Noticed a cyclops
  5875 | D:8      | 5875 ||| INVOKING Heroism.
  5876 | D:8      | 5876 ||| INVOKING Spit Poison.
  5879 | D:8      | 5879 ||| INVOKING Spit Poison.
  5884 | D:8      | 5884 ||| INVOKING Spit Poison.
  5887 | D:8      | 5887 ||| INVOKING Spit Poison.
  5891 | D:8      | 5891 ||| INVOKING Spit Poison.
  5893 | D:8      | 5893 ||| INVOKING Heroism.
  5894 | D:8      | Killed a cyclops
  5898 | D:8      | Reached skill level 11 in Ranged Weapons
  5898 | D:8      | 5898 ||| INVOKING Spit Poison.
  5901 | D:8      | Reached *** piety under Okawaru
  5902 | D:8      | 5902 ||| INVOKING Spit Poison.
  5905 | D:8      | 5905 ||| INVOKING Spit Poison.
  5943 | D:8      | Noticed a gargoyle
  5944 | D:8      | 5944 ||| INVOKING Heroism.
  5947 | D:8      | Killed a gargoyle
  6216 | D:8      | 6216 ||| INVOKING Spit Poison.
  6222 | D:8      | 6222 ||| INVOKING Spit Poison.
  6225 | D:8      | 6225 ||| INVOKING Spit Poison.
  6228 | D:8      | 6228 ||| INVOKING Heroism.
  6229 | D:8      | 6229 ||| INVOKING Spit Poison.
  6316 | D:8      | 6316 ||| INVOKING Heroism.
  6417 | D:8      | 6417 ||| INVOKING Spit Poison.
  6419 | D:8      | 6419 ||| Stepping ~*~*~tactically~*~*~ (outnumbered).
  6422 | D:8      | 6422 ||| INVOKING Spit Poison.
  6425 | D:8      | 6425 ||| INVOKING Spit Poison.
  6430 | D:8      | 6430 ||| INVOKING Spit Poison.
  6433 | D:8      | 6433 ||| INVOKING Heroism.
  6435 | D:8      | 6435 ||| INVOKING Spit Poison.
  6440 | D:8      | 6440 ||| INVOKING Spit Poison.
  6443 | D:8      | 6443 ||| INVOKING Spit Poison.
  6495 | D:8      | 6495 ||| INVOKING Spit Poison.
  6496 | D:8      | 6496 ||| Stepping ~*~*~tactically~*~*~ (outnumbered).
  6500 | D:8      | 6500 ||| Stepping ~*~*~tactically~*~*~ (outnumbered).
  6501 | D:8      | 6501 ||| INVOKING Spit Poison.
  6506 | D:8      | 6506 ||| INVOKING Spit Poison.
  6766 | D:8      | 6766 ||| DROPPING +0 leather armour.
  6767 | D:8      | 6767 ||| UPGRADING to +2 robe of willpower.
  6777 | D:8      | 6777 ||| DROPPING +0 ring mail of willpower.
  6778 | D:8      | 6778 ||| DRINKING 2 fuming golden potions.
  6779 | D:8      | 6779 ||| READING 2 scrolls of identify.
  6779 | D:8      | 6779 ||| IDENTIFYING lumpy emerald potion
  6780 | D:8      | 6780 ||| DROPPING potion of attraction.
  6781 | D:8      | 6781 ||| DROPPING potion of brilliance.
  6828 | D:9      | 6828 ||| INVOKING Heroism.
  6830 | D:9      | 6830 ||| INVOKING Spit Poison.
  6871 | D:9      | Found a staircase to the Orcish Mines.
  6874 | D:9      | 6874 ||| INVOKING Spit Poison.
  6879 | D:9      | 6879 ||| INVOKING Spit Poison.
  6883 | D:9      | 6883 ||| INVOKING Spit Poison.
  6896 | D:9      | 6896 ||| INVOKING Spit Poison.
  6900 | D:9      | 6900 ||| INVOKING Spit Poison.
  6993 | D:9      | 6993 ||| INVOKING Spit Poison.
  7012 | D:9      | 7012 ||| INVOKING Heroism.
  7014 | D:9      | 7014 ||| INVOKING Spit Poison.
  7015 | D:9      | 7015 ||| Stepping ~*~*~tactically~*~*~ (outnumbered).
  7017 | D:9      | 7017 ||| INVOKING Spit Poison.
  7022 | D:9      | 7022 ||| INVOKING Spit Poison.
  7029 | D:9      | 7029 ||| INVOKING Spit Poison.
  7323 | D:9      | 7323 ||| INVOKING Spit Poison.
  7478 | D:9      | 7478 ||| READING scroll labelled SITUECWOCAT.
  7558 | D:10     | Entered Level 10 of the Dungeon
  7633 | D:10     | 7633 ||| INVOKING Spit Poison.
  7641 | D:10     | 7641 ||| INVOKING Spit Poison.
  7658 | D:10     | Found a staircase to the Lair.
  7679 | D:10     | 7679 ||| INVOKING Heroism.
  7680 | D:10     | 7680 ||| INVOKING Spit Poison.
  7687 | D:10     | 7687 ||| INVOKING Spit Poison.
  7690 | D:10     | 7690 ||| INVOKING Spit Poison.
  7694 | D:10     | Reached XP level 11. HP: 73/103 MP: 14/14
  7694 | D:10     | 7694 ||| INVOKING Spit Poison.
  7698 | D:10     | 7698 ||| INVOKING Spit Poison.
  7703 | D:10     | Noticed a two-headed ogre
  7704 | D:10     | 7704 ||| FLEEEEING.
  7707 | D:10     | 7707 ||| STAIRDANCE
  7781 | D:9      | 7781 ||| READING 3 scrolls of identify.
  7781 | D:9      | 7781 ||| IDENTIFYING murky yellow potion
  7795 | D:10     | 7795 ||| INVOKING Heroism.
  7796 | D:10     | 7796 ||| INVOKING Spit Poison.
  7800 | D:10     | Killed a two-headed ogre
  7801 | D:10     | Reached skill level 12 in Ranged Weapons
  7859 | D:10     | 7859 ||| INVOKING Spit Poison.
  7861 | D:10     | Found Yblut's Antique Weapon Boutique.
  7862 | D:10     | 7862 ||| INVOKING Spit Poison.
  7875 | D:10     | 7875 ||| INVOKING Heroism.
  7975 | D:10     | Noticed a two-headed ogre
  7976 | D:10     | 7976 ||| INVOKING Heroism.
  7988 | D:10     | 7988 ||| INVOKING Spit Poison.
  7990 | D:10     | Killed a two-headed ogre
  8142 | D:10     | 8142 ||| Stepping ~*~*~tactically~*~*~ (outnumbered).
  8144 | D:10     | 8144 ||| Stepping ~*~*~tactically~*~*~ (outnumbered).
  8146 | D:10     | 8146 ||| Stepping ~*~*~tactically~*~*~ (outnumbered).
  8148 | D:10     | 8148 ||| Stepping ~*~*~tactically~*~*~ (outnumbered).
  8150 | D:10     | 8150 ||| INVOKING Spit Poison.
  8153 | D:10     | 8153 ||| Stepping ~*~*~tactically~*~*~ (outnumbered).
  8154 | D:10     | 8154 ||| INVOKING Spit Poison.
  8159 | D:10     | 8159 ||| INVOKING Spit Poison.
  8163 | D:10     | 8163 ||| INVOKING Heroism.
  8164 | D:10     | 8164 ||| INVOKING Spit Poison.
  8170 | D:10     | 8170 ||| INVOKING Spit Poison.
  8316 | D:10     | 8316 ||| INVOKING Spit Poison.
  8392 | D:10     | 8392 ||| INVOKING Spit Poison.
  8409 | D:10     | Reached **** piety under Okawaru
  8410 | D:10     | 8410 ||| INVOKING Spit Poison.
  8413 | D:10     | 8413 ||| INVOKING Spit Poison.
  8508 | D:10     | 8508 ||| INVOKING Heroism.
  8519 | D:10     | 8519 ||| INVOKING Spit Poison.
  8526 | D:10     | 8526 ||| INVOKING Spit Poison.
  8607 | D:10     | 8607 ||| PLANNING LAIR
  8607 | D:10     | 8607 ||| UPGRADING to +0 troll leather armour.
  8617 | D:10     | 8617 ||| DROPPING +2 robe of willpower.
  8642 | D:10     | 8642 ||| INVOKING Spit Poison.
  8657 | Lair:1   | Entered Level 1 of the Lair of Beasts
  8658 | Lair:1   | 8658 ||| INVOKING Heroism.
  8659 | Lair:1   | 8659 ||| INVOKING Spit Poison.
  8664 | Lair:1   | 8664 ||| INVOKING Spit Poison.
  8749 | Lair:1   | 8749 ||| INVOKING Heroism.
  8750 | Lair:1   | 8750 ||| INVOKING Spit Poison.
  8784 | Lair:1   | 8784 ||| INVOKING Heroism.
  8862 | Lair:1   | 8862 ||| INVOKING Heroism.
  8863 | Lair:1   | 8863 ||| INVOKING Spit Poison.
  8866 | Lair:1   | 8866 ||| INVOKING Spit Poison.
  8867 | Lair:1   | Reached skill level 13 in Ranged Weapons
  8882 | Lair:1   | 8882 ||| INVOKING Spit Poison.
  8883 | Lair:1   | 8883 ||| INVOKING Spit Poison.
  8890 | Lair:1   | 8890 ||| INVOKING Spit Poison.
  8895 | Lair:1   | 8895 ||| INVOKING Spit Poison.
  8898 | Lair:1   | 8898 ||| INVOKING Spit Poison.
  8903 | Lair:1   | 8903 ||| INVOKING Spit Poison.
  8905 | Lair:1   | 8905 ||| INVOKING Heroism.
  8909 | Lair:1   | 8909 ||| INVOKING Spit Poison.
  8970 | Lair:1   | 8970 ||| INVOKING Heroism.
  8971 | Lair:1   | 8971 ||| INVOKING Spit Poison.
  8991 | Lair:1   | 8991 ||| INVOKING Heroism.
  9008 | Lair:1   | 9008 ||| INVOKING Spit Poison.
  9011 | Lair:1   | 9011 ||| INVOKING Spit Poison.
  9023 | Lair:1   | Noticed a death yak
  9024 | Lair:1   | Noticed a death yak
  9025 | Lair:1   | 9025 ||| INVOKING Heroism.
  9027 | Lair:1   | Noticed a death yak
  9029 | Lair:1   | Noticed a death yak
  9031 | Lair:1   | 9031 ||| INVOKING Spit Poison.
  9032 | Lair:1   | Noticed a death yak
  9035 | Lair:1   | 9035 ||| INVOKING Spit Poison.
  9041 | Lair:1   | HP: 26/104 [death yak (17)]
  9042 | Lair:1   | 9042 ||| READING 2 scrolls of teleportation.
  9043 | Lair:1   | 9043 ||| INVOKING Spit Poison.
  9044 | Lair:1   | Killed a death yak
  9044 | Lair:1   | HP: 11/104 [death yak (4)]
  9045 | Lair:1   | Reached skill level 9 in Fighting
  9045 | Lair:1   | HP: 3/106 [death yak (10)]
  9178 | Lair:1   | Found a dark tunnel.
  9187 | Lair:1   | 9187 ||| INVOKING Heroism.
  9190 | Lair:1   | 9190 ||| INVOKING Spit Poison.
  9195 | Lair:1   | Reached XP level 12. HP: 114/114 MP: 14/16
  9254 | Lair:1   | 9254 ||| INVOKING Heroism.
  9264 | Lair:1   | Killed a death yak
  9269 | Lair:1   | HP: 16/114 [death yak (21)]
  9270 | Lair:1   | 9270 ||| READING scroll of teleportation.
  9270 | Lair:1   | HP: 2/114 [death yak (15)]
  9270 | Lair:1   | Demolished by a death yak

Levels and vault maps discovered:
D:1:      ldierk_walled_garden_2, layout_rooms, minmay_lizard_pond
D:2:      layout_rooms
D:3:      cheibrodos_pilgrimage, layout_basic, lemuel_tele_altar,
          mainiacjoe_overflow_24_doors, mainiacjoe_overflow_catch_the_wave,
          shapermc_ecumenical_altar_mp_ritualfount, grunt_ministairs_6,
          hangedman_decor_opposing
D:4:      layout_gridville, chequers_ossuary_entry_cave,
          gup_sewer_entry_bubbles, serial_shops, shop_coins
D:5:      layout_rooms, minmay_temple_entry_junction,
          ebering_ghost_disaster_area
D:6:      layout_gridville, zin_scriptorium
D:7:      layout_cave_pools, nicolae_overflow_squiral
D:8:      minmay_slanted_spiral_squares, layout_rooms,
          amcnicky_mini_corridor_feature
D:9:      layout_basic, orc_0_dummy
D:10:     layout_irregular_city, due_lair_maze_entry_diamond, serial_shops,
          shop, item_on_display_a
Temple:   bh_familiar_temple
Lair:1:   layout_concentric_octagons, enter_volcano_4, grunt_megastairs_5,
          lemuel_fruit_tree

Skill      XL: |  1  2  3  4  5  6  7  8  9 10 11 |
---------------+----------------------------------+-----
Ranged Weapons | 4 5 6 7 9 10 11 13 | 13.3
Armour         | 1 2 3 4 |  4.3
Fighting       | 3 4 5 7 8 9 |  9.1
Dodging        | 2 3 4 5 |  5.2
Invocations    | 4 5 |  5.6
Stealth        | |  1.5

Action                     |  1- 3 |  4- 6 |  7- 9 | 10-12 || total
---------------------------+-------+-------+-------+-------++-------
   Fire: Shortbow          |    61 |    18 |       |       ||    79
         Arbalest          |       |    51 |   223 |   305 ||   579
 Invoke: Heroism           |       |       |     2 |    24 ||    26
Ability: Spit Poison       |    26 |    27 |    64 |    78 ||   195
    Use: Scroll            |     3 |     2 |     9 |     5 ||    19
         Potion            |       |     2 |     2 |     1 ||     5
 Armour: Leather armour    |     7 |     6 |       |       ||    13
         Ring mail         |       |    21 |   108 |    38 ||   167
         Robe              |       |       |       |    48 ||    48
         Troll leather arm |       |       |       |    48 ||    48
  Dodge: Dodged            |    11 |    16 |    75 |   151 ||   253
  Block: Other             |       |     2 |    63 |    69 ||   134
         Reflection        |       |       |       |     3 ||     3

Table legend:
 A = Non-vault XP
 B = Vault XP
 C = Vault XP percentage of total XP
 D = Non-vault monster count
 E = Vault monster count
 F = Vault count percentage of total count
                 A         B        C        D         E       F
            +---------+---------+-------+---------+---------+-------
      Total |   15766 |    3617 |  18.7 |     209 |      47 |  18.4
            +---------+---------+-------+---------+---------+-------
        D:1 |      36 |       8 |  18.2 |      22 |       8 |  26.7
        D:2 |      47 |       0 |   0.0 |      16 |       0 |   0.0
        D:3 |     128 |      97 |  43.1 |      11 |       9 |  45.0
        D:4 |     647 |      39 |   5.7 |      17 |       7 |  29.2
        D:5 |     824 |       0 |   0.0 |      17 |       0 |   0.0
        D:6 |     337 |       0 |   0.0 |      12 |       0 |   0.0
        D:7 |    1500 |       0 |   0.0 |      24 |       0 |   0.0
        D:8 |    2386 |    2145 |  47.3 |      33 |      12 |  26.7
        D:9 |     711 |       0 |   0.0 |      17 |       0 |   0.0
       D:10 |    3610 |    1092 |  23.2 |      21 |       9 |  30.0
     Lair:1 |    5540 |     236 |   4.1 |      19 |       2 |   9.5
            +---------+---------+-------+---------+---------+-------
